Patriotes vs Rafales
(R1)
Created - December 5, 2017 at 19:13
Goals
|
| Patriotes |
1 |
2 |
3 |
6 |
| Rafales |
3 |
0 |
2 |
5 |
|
Shots
|
| Patriotes |
13 |
10 |
10 |
33 |
| Rafales |
16 |
14 |
20 |
50 |
|
1st period
1. Patriotes , Evgeny Kuznetsov 12 (Emerson Etem 11) at 7:16
2. Rafales , Cody McLeod 17 (Kevin Veilleux 4) at 12:20 (PP)
3. Rafales , Jarret Stoll 10 (Brock Nelson 10, Chris Terry 1) at 13:10
4. Rafales , Cody McLeod 18 (Kevin Veilleux 5, Connor Murphy 2) at 19:23 (PP)
Penalties :
Andrew Gordon (Nyc) for Hooking (Minor) at 12:09, Vince Hinostroza (Nyc) for Hooking (Minor) at 19:09
2nd period
5. Patriotes , Zenon Konopka 4 (Phil McRae 9, David Kolomatis 3) at 10:12
6. Patriotes , Justin Florek 7 (Zenon Konopka 7) at 13:30
Penalties :
Alex Petrovic (Nyc) for High sticking (Minor) at 11:02
3rd period
7. Patriotes , David Kolomatis 1 (Zenon Konopka 8, Alex Petrovic 3) at 3:07
8. Patriotes , Phil McRae 4 (David Kolomatis 4) at 4:57
9. Rafales , Nathan Davis 12 (Cody McLeod 19, Connor Murphy 3) at 8:06 (PP)
10. Rafales , Nathan Davis 13 (Slater Koekkoek 6, Mark Fayne 13) at 14:33
11. Patriotes , Phil McRae 5 (Riley Barber 1, Timothy Kunes 13) at 16:05
Penalties :
Aaron Ness (Nyc) for Hooking (Minor) at 7:19, Connor Murphy (Stf) for Roughing (Minor) at 16:27, Anthony Bitetto (Nyc) for Goalie Interference (Minor) at 16:45, Timothy Kunes (Nyc) for Hooking (Minor) at 19:38
Goalie Stats
Andrei Vasilevskiy (Nyc), 45 saves from 50 shots - (0.900), W, 2-7-1, 60:00 minutes
John Gibson (Stf), 27 saves from 33 shots - (0.818), L, 11-5-5, 58:45 minutes
Players Stats for Patriotes
Player Name G A P +/- PIM S H SB GA TA FO MP PP MP PK MP
------------------------------------------------------------------------------------
Aaron Ness 0 0 0 0 2 0 2 0 0 0 0/0 12:55 0:00 0:00
Alex Petrovic 0 1 1 2 2 0 0 1 0 1 0/0 18:55 0:00 1:12
Andrew Gordon 0 0 0 0 2 5 1 0 1 1 2/6 23:31 0:18 2:07
Anthony Bitetto 0 0 0 2 2 1 2 2 0 1 0/0 27:16 0:17 1:34
Austin Watson 0 0 0 2 0 1 0 0 0 0 1/1 8:21 0:00 0:51
Christian Hanson 0 0 0 0 0 2 1 0 1 0 8/17 8:23 0:00 0:25
David Kolomatis 1 2 3 3 0 4 1 0 0 0 0/0 20:21 0:00 2:23
Emerson Etem 0 1 1 0 0 1 1 0 1 0 0/2 14:27 0:00 0:04
Evgeny Kuznetsov 1 0 1 0 0 3 3 1 2 1 14/29 22:54 0:18 0:59
Fedor Fedorov 0 0 0 0 0 4 3 0 0 0 1/1 22:56 0:18 1:36
Justin Florek 1 0 1 2 0 1 0 0 0 0 0/0 12:59 0:00 0:00
Lauri Tukonen 0 0 0 2 0 1 0 0 0 0 0/0 12:59 0:00 0:00
Phil McRae 2 1 3 2 0 5 1 0 0 2 1/4 13:59 0:00 1:38
Riley Barber 0 1 1 2 0 0 0 0 0 0 0/0 7:27 0:00 0:00
Robbie Russo 0 0 0 0 0 0 0 1 0 0 0/0 13:04 0:00 1:05
Timothy Kunes 0 1 1 1 2 2 1 4 1 1 0/0 27:41 0:18 1:26
Vince Hinostroza 0 0 0 0 2 2 2 0 0 0 1/1 13:16 0:00 0:00
Zenon Konopka 1 2 3 2 0 1 3 0 0 0 5/11 12:59 0:00 0:00
Players Stats for Rafales
Player Name G A P +/- PIM S H SB GA TA FO MP PP MP PK MP
------------------------------------------------------------------------------------
Akim Aliu 0 0 0 -2 0 2 3 0 0 0 1/1 16:33 0:00 0:00
Brian Ferlin 0 0 0 -1 0 7 1 0 0 0 2/2 18:52 0:11 0:00
Brock Nelson 0 1 1 -1 0 5 0 0 0 0 0/0 17:33 1:12 0:00
Cedric Paquette 0 0 0 -4 0 1 2 0 0 0 2/5 17:25 1:12 0:00
Chris Terry 0 1 1 0 0 2 0 0 0 0 0/0 11:36 0:11 0:00
Cody McLeod 2 1 3 -2 0 9 1 1 2 0 7/8 24:59 2:09 0:00
Connor Murphy 0 2 2 -1 2 1 0 0 0 1 0/0 27:57 2:46 0:00
James Marcou 0 0 0 -1 0 2 0 0 0 0 0/0 7:39 0:00 0:00
Jarret Stoll 1 0 1 1 0 2 0 0 0 0 1/3 4:11 0:00 0:00
Julian Melchiori 0 0 0 -3 0 1 1 2 0 1 0/0 17:19 1:04 0:00
Kevin Veilleux 0 2 2 -1 0 4 2 2 0 0 21/45 23:23 2:09 0:18
Marc-André Gragnani 0 0 0 -3 0 1 0 0 0 1 0/0 17:38 1:04 0:00
Mark Fayne 0 1 1 0 0 1 0 1 0 0 0/0 13:33 0:00 0:18
Matt Gilroy 0 0 0 -1 0 8 2 3 0 3 0/0 29:26 2:46 0:18
Michael Bournival 0 0 0 -1 0 0 1 0 3 0 1/1 9:34 1:30 0:18
Nathan Davis 2 0 2 0 0 3 3 0 2 0 3/4 14:19 2:27 0:00
Nicklas Jensen 0 0 0 0 0 1 2 0 0 0 1/3 11:36 0:11 0:00
Slater Koekkoek 0 1 1 0 0 0 1 1 0 0 0/0 14:27 0:18 0:00
3 Stars
1 - Phil McRae (Nyc)
2 - Zenon Konopka (Nyc)
3 - David Kolomatis (Nyc)
Power Play
Patriotes - 0 on 1 Attempt(s) - 0.00%
Rafales - 3 on 6 Attempt(s) - 50.00%
Penalty Kill
Patriotes - 3 on 6 Attempt(s) - 50.00%
- Score 0 goal in Penalty Kill
Rafales - 1 on 1 Attempt(s) - 100.00%
- Score 0 goal in Penalty Kill
Team Stat
Patriotes - Hits : 21 - Faceoff Wins : 33 - Blocked Shots : 9 - Penalty Minutes : 12
Rafales - Hits : 19 - Faceoff Wins : 39 - Blocked Shots : 10 - Penalty Minutes : 2
Official
Referees : Leggo Mike and Marouelli Dan
Linesman : Pierre Champoux and Tim Nowak
Game Notes
Jarret Stoll is injured at 15:45 of 1st period (Back)
Christian Hanson is injured at 2:47 of 2nd period (Left Hip)
Finance
Level 1 -- Attendance: 1449 (72.45%) -- Ticket Income $57,960
Level 2 -- Attendance: 737 (73.70%) -- Ticket Income $14,740
Total Attendance: 2186 (72.87%)
Total Ticket Income: $72,700
Other Income: $3,635
Total Income: $76,335
Patriotes
5 vs 5 Forward
Center Left Wing Right Wing Time % Phy DF OF
1 Christian Hanson Fedor Fedorov Andrew Gordon 40 1 2 2
2 Evgeny Kuznetsov Vince Hinostroza Emerson Etem 30 1 2 2
3 Zenon Konopka Justin Florek Lauri Tukonen 20 1 2 2
4 Phil McRae Austin Watson Riley Barber 10 1 2 2
5 vs 5 Defense
Defense Defense Time % Phy DF OF
1 Timothy Kunes Anthony Bitetto 40 1 2 2
2 Alex Petrovic David Kolomatis 30 1 2 2
3 Aaron Ness Robbie Russo 20 1 2 2
4 Timothy Kunes Anthony Bitetto 10 1 2 2
PowerPlay Forward
Center Left Wing Right Wing Time % Phy DF OF
1 Christian Hanson Fedor Fedorov Andrew Gordon 60 1 2 2
2 Zenon Konopka Justin Florek Lauri Tukonen 40 1 2 2
PowerPlay Defense
Defense Defense Time % Phy DF OF
1 Timothy Kunes Anthony Bitetto 60 1 2 2
2 Alex Petrovic David Kolomatis 40 1 2 2
Penalty Kill 4 Players Forward
Center Wing Time % Phy DF OF
1 Andrew Gordon Christian Hanson 60 1 2 2
2 Fedor Fedorov Zenon Konopka 40 1 2 2
Penalty Kill 4 Players Defense
Defense Defense Time % Phy DF OF
1 Timothy Kunes Anthony Bitetto 60 1 2 2
2 Alex Petrovic David Kolomatis 40 1 2 2
Penalty Kill - 3 Players Forward
Forward Time % Phy DF OF
1 Andrew Gordon 60 1 2 2
2 Christian Hanson 40 1 2 2
Penalty Kill - 3 Players Defense
Defense Defense Time % Phy DF OF
1 Timothy Kunes Anthony Bitetto 60 1 2 2
2 Alex Petrovic David Kolomatis 40 1 2 2
4 vs 4 Forward
Center Wing Time % Phy DF OF
1 Andrew Gordon Christian Hanson 60 1 2 2
2 Fedor Fedorov Zenon Konopka 40 1 2 2
4 vs 4 Defense
Defense Defense Time % Phy DF OF
1 Timothy Kunes Anthony Bitetto 60 1 2 2
2 Alex Petrovic David Kolomatis 40 1 2 2
Last Minutes Offensive
Center Left Wing Right Wing Defense Defense
Christian Hanson Fedor Fedorov Andrew Gordon Timothy Kunes Anthony Bitetto
Last Minutes Defensive
Center Left Wing Right Wing Defense Defense
Christian Hanson Fedor Fedorov Andrew Gordon Timothy Kunes Anthony Bitetto
Goaltenders
Starting : Andrei Vasilevskiy
Backup : Phoenix Copley
Extra Forwards
Normal : Evgeny Kuznetsov, Emerson Etem, Phil McRae - PP : Evgeny Kuznetsov, Emerson Etem - PK : Phil McRae
Extra Defensemen
Normal : Aaron Ness, Robbie Russo, Alex Petrovic - PP : Aaron Ness - PK : Robbie Russo, Alex Petrovic
Penalty Shots
Andrew Gordon, Christian Hanson, Fedor Fedorov, Zenon Konopka, Lauri Tukonen
Scratches
Christian Hanson (Left Hip Injury), Robert Baillargeon (Healthy), Jared Knight (Healthy), Scott Glennie (Healthy), Zach Budish (Healthy)
Rafales
5 vs 5 Forward
Center Left Wing Right Wing Time % Phy DF OF
1 Kevin Veilleux Cody McLeod Brian Ferlin 40 0 1 4
2 Jarret Stoll Brock Nelson Akim Aliu 30 0 1 4
3 Nathan Davis Chris Terry Nicklas Jensen 20 0 3 2
4 Cedric Paquette Michael Bournival James Marcou 10 0 2 3
5 vs 5 Defense
Defense Defense Time % Phy DF OF
1 Matt Gilroy Connor Murphy 40 0 4 1
2 Julian Melchiori Marc-André Gragnani 30 0 4 1
3 Mark Fayne Slater Koekkoek 20 0 4 1
4 Matt Gilroy Connor Murphy 10 0 4 1
PowerPlay Forward
Center Left Wing Right Wing Time % Phy DF OF
1 Kevin Veilleux Cody McLeod Nathan Davis 60 0 0 5
2 Jarret Stoll Brock Nelson Michael Bournival 40 0 0 5
PowerPlay Defense
Defense Defense Time % Phy DF OF
1 Matt Gilroy Connor Murphy 60 0 2 3
2 Julian Melchiori Marc-André Gragnani 40 0 2 3
Penalty Kill 4 Players Forward
Center Wing Time % Phy DF OF
1 Kevin Veilleux Jarret Stoll 60 0 3 2
2 Cody McLeod Brock Nelson 40 0 3 2
Penalty Kill 4 Players Defense
Defense Defense Time % Phy DF OF
1 Matt Gilroy Mark Fayne 60 0 5 0
2 Connor Murphy Marc-André Gragnani 40 0 5 0
Penalty Kill - 3 Players Forward
Forward Time % Phy DF OF
1 Kevin Veilleux 60 0 4 1
2 Jarret Stoll 40 0 4 1
Penalty Kill - 3 Players Defense
Defense Defense Time % Phy DF OF
1 Matt Gilroy Mark Fayne 60 0 5 0
2 Slater Koekkoek Marc-André Gragnani 40 0 5 0
4 vs 4 Forward
Center Wing Time % Phy DF OF
1 Kevin Veilleux Jarret Stoll 60 0 2 3
2 Cody McLeod Brock Nelson 40 0 3 1
4 vs 4 Defense
Defense Defense Time % Phy DF OF
1 Matt Gilroy Connor Murphy 60 0 3 2
2 Mark Fayne Marc-André Gragnani 40 0 4 1
Last Minutes Offensive
Center Left Wing Right Wing Defense Defense
Kevin Veilleux Cody McLeod Akim Aliu Matt Gilroy Connor Murphy
Last Minutes Defensive
Center Left Wing Right Wing Defense Defense
Kevin Veilleux Cody McLeod James Marcou Slater Koekkoek Mark Fayne
Goaltenders
Starting : John Gibson
Backup : Philipp Grubauer
Extra Forwards
Normal : Cody McLeod, Kevin Veilleux, Brock Nelson - PP : Cody McLeod, Kevin Veilleux - PK : Michael Bournival
Extra Defensemen
Normal : Matt Gilroy, Connor Murphy, Slater Koekkoek - PP : Matt Gilroy - PK : Marc-André Gragnani, Mark Fayne
Penalty Shots
Kevin Veilleux, Jarret Stoll, Cody McLeod, Brock Nelson, James Marcou
Scratches
Ben Sexton (Healthy), Ryan Bourque (Healthy), Carl Klingberg (Bruised Right Arm Injury), Ben Johnson (Healthy), Jayson Megna (Healthy)
Jarret Stoll (Back Injury), Brad Ross (Healthy), Mike Zigomanis (Right Forearm Injury), Dylan McIlrath (Healthy), Petr Kalus (Healthy)
Ben Thomson (Healthy), David Broll (Healthy), Tim Crowder (Healthy), Stefan Chaput (Healthy), Dennis Persson (Healthy)
Maksim Mayorov (Healthy), Chris Driedger (Healthy), Leland Irving (Healthy)
% Time on Ice - Patriotes
Lines # - Real PCT - Wanted PCT - Time Play
Normal Forward
1 - 37% - 40% - 19:37
2 - 25% - 30% - 13:17
3 - 24% - 20% - 12:59
4 - 14% - 10% - 7:27
Normal Defense
1 - 38% - 40% - 20:14
2 - 33% - 30% - 17:24
3 - 22% - 20% - 11:51
4 - 7% - 10% - 3:51
PP Forward
1 - 100% - 60% - 0:18
2 - 0% - 40% - 0:00
PP Defense
1 - 100% - 60% - 0:18
2 - 0% - 40% - 0:00
PK Forward
1 - 100% - 60% - 3:50
2 - 0% - 40% - 0:00
PK Defense
1 - 45% - 60% - 1:44
2 - 55% - 40% - 2:06
PK3 Forward
1 - 0% - 60%
2 - 0% - 40%
PK3 Defense
1 - 0% - 60%
2 - 0% - 40%
44 Forward
1 - 100% - 60% - 1:41
2 - 0% - 40% - 0:00
44 Defense
1 - 69% - 60% - 1:10
2 - 31% - 40% - 0:31
Last Minute Offensive - 0:00
Last Minute Defensive - 0:51
Total
Forward - 60:00
Defense - 60:00
|
% Time on Ice - Rafales
Lines # - Real PCT - Wanted PCT - Time Play
Normal Forward
1 - 35% - 40% - 18:34
2 - 30% - 30% - 15:52
3 - 21% - 20% - 11:15
4 - 14% - 10% - 7:39
Normal Defense
1 - 39% - 40% - 20:35
2 - 30% - 30% - 16:03
3 - 24% - 20% - 12:56
4 - 7% - 10% - 3:46
PP Forward
1 - 64% - 60% - 2:27
2 - 36% - 40% - 1:23
PP Defense
1 - 72% - 60% - 2:46
2 - 28% - 40% - 1:04
PK Forward
1 - 100% - 60% - 0:18
2 - 0% - 40% - 0:00
PK Defense
1 - 100% - 60% - 0:18
2 - 0% - 40% - 0:00
PK3 Forward
1 - 0% - 60%
2 - 0% - 40%
PK3 Defense
1 - 0% - 60%
2 - 0% - 40%
44 Forward
1 - 100% - 60% - 1:41
2 - 0% - 40% - 0:00
44 Defense
1 - 81% - 60% - 1:22
2 - 19% - 40% - 0:19
Last Minute Offensive - 0:51
Last Minute Defensive - 0:00
Total
Forward - 60:00
Defense - 60:00
|
Play by Play
1st period
0:01 of 1st period - Cody McLeod wins face-off versus Christian Hanson in neutral zone.
1:04 of 1st period - Snap shot by Lauri Tukonen.
1:04 of 1st period - Stopped by John Gibson with a rebound.
1:14 of 1st period - Phil McRae is hit by Michael Bournival and loses puck.
1:58 of 1st period - Snap shot by Evgeny Kuznetsov.
1:58 of 1st period - Deflect By Emerson Etem.
1:58 of 1st period - Shot Blocked by Cody McLeod.
1:58 of 1st period - Puck is out of play.
1:59 of 1st period - Zenon Konopka wins face-off versus Kevin Veilleux in Rafales zone.
2:24 of 1st period - Mark Fayne is hit by Christian Hanson and loses puck.
2:33 of 1st period - Andrew Gordon is hit by Akim Aliu and loses puck.
3:08 of 1st period - Off-side.
3:09 of 1st period - Austin Watson wins face-off versus Cedric Paquette in neutral zone.
3:34 of 1st period - Kevin Veilleux is hit by Andrew Gordon and loses puck.
3:41 of 1st period - Wrist shot by Christian Hanson.
3:41 of 1st period - Shot Blocked by Mark Fayne.
5:14 of 1st period - Wrist shot by Emerson Etem.
5:14 of 1st period - Stopped by John Gibson with a rebound.
6:17 of 1st period - Wrist shot by Matt Gilroy.
6:17 of 1st period - Stopped by Andrei Vasilevskiy without a rebound.
6:18 of 1st period - Kevin Veilleux wins face-off versus Evgeny Kuznetsov in Patriotes zone.
6:21 of 1st period - Snap shot by Cody McLeod.
6:21 of 1st period - Shot Misses the Net.
6:23 of 1st period - Slapshot by Julian Melchiori.
6:23 of 1st period - Stopped by Andrei Vasilevskiy without a rebound.
6:24 of 1st period - Kevin Veilleux wins face-off versus Evgeny Kuznetsov in Patriotes zone.
6:35 of 1st period - Snap shot by Brian Ferlin.
6:35 of 1st period - Stopped by Andrei Vasilevskiy with a rebound.
6:39 of 1st period - Slapshot by Cody McLeod.
6:39 of 1st period - Stopped by Andrei Vasilevskiy without a rebound.
6:40 of 1st period - Christian Hanson wins face-off versus Jarret Stoll in Patriotes zone.
6:40 of 1st period - Christian Hanson is hit by Akim Aliu.
6:49 of 1st period - Off-side.
6:50 of 1st period - Akim Aliu wins face-off versus Christian Hanson in neutral zone.
7:01 of 1st period - Marc-André Gragnani is hit by Fedor Fedorov and loses puck.
7:06 of 1st period - Snap shot by Christian Hanson.
7:06 of 1st period - Stopped by John Gibson with a rebound.
7:08 of 1st period - Slapshot by Timothy Kunes.
7:08 of 1st period - Deflect By Marc-André Gragnani.
7:08 of 1st period - Stopped by John Gibson with a rebound.
7:10 of 1st period - Snap shot by Andrew Gordon.
7:10 of 1st period - Shot Blocked by Julian Melchiori.
7:12 of 1st period - Wrist shot by Fedor Fedorov.
7:12 of 1st period - Stopped by John Gibson without a rebound.
7:13 of 1st period - Evgeny Kuznetsov wins face-off versus Kevin Veilleux in Rafales zone.
7:16 of 1st period - Wrist shot by Evgeny Kuznetsov.
7:16 of 1st period - Goal by Evgeny Kuznetsov - Patriotes : 1 - Rafales : 0.
7:17 of 1st period - Christian Hanson wins face-off versus Kevin Veilleux in neutral zone.
7:27 of 1st period - Off-side.
7:28 of 1st period - Christian Hanson wins face-off versus Kevin Veilleux in neutral zone.
7:30 of 1st period - Off-side.
7:31 of 1st period - Kevin Veilleux wins face-off versus Christian Hanson in neutral zone.
7:42 of 1st period - Snap shot by Christian Hanson.
7:42 of 1st period - Deflect By Fedor Fedorov.
7:42 of 1st period - Shot Misses the Net.
7:42 of 1st period - Puck is out of play.
7:43 of 1st period - Kevin Veilleux wins face-off versus Evgeny Kuznetsov in Rafales zone.
8:08 of 1st period - David Kolomatis is hit by Nathan Davis and loses puck.
8:48 of 1st period - Icing by Alex Petrovic.
8:49 of 1st period - Zenon Konopka wins face-off versus Kevin Veilleux in Patriotes zone.
9:27 of 1st period - Slapshot by Brian Ferlin.
9:27 of 1st period - Stopped by Andrei Vasilevskiy without a rebound.
9:28 of 1st period - Jarret Stoll wins face-off versus Andrew Gordon in Patriotes zone.
9:58 of 1st period - Lauri Tukonen is hit by Nicklas Jensen and loses puck.
10:23 of 1st period - Aaron Ness is hit by Cedric Paquette and loses puck.
10:36 of 1st period - Wrist shot by Phil McRae.
10:36 of 1st period - Shot Blocked by Kevin Veilleux.
10:38 of 1st period - Snap shot by Phil McRae.
10:38 of 1st period - Shot Misses the Net.
10:42 of 1st period - Wrist shot by Phil McRae.
10:42 of 1st period - Stopped by John Gibson without a rebound.
10:43 of 1st period - Christian Hanson wins face-off versus Jarret Stoll in Rafales zone.
10:44 of 1st period - Wrist shot by Andrew Gordon.
10:44 of 1st period - Shot Misses the Net.
10:46 of 1st period - Slapshot by Anthony Bitetto.
10:46 of 1st period - Stopped by John Gibson with a rebound.
10:48 of 1st period - Snap shot by Fedor Fedorov.
10:48 of 1st period - Shot Misses the Net.
11:29 of 1st period - Akim Aliu is hit by David Kolomatis and loses puck.
11:46 of 1st period - Snap shot by Jarret Stoll.
11:46 of 1st period - Stopped by Andrei Vasilevskiy with a rebound.
11:48 of 1st period - Slapshot by Connor Murphy.
11:48 of 1st period - Shot Blocked by Timothy Kunes.
11:50 of 1st period - Slapshot by Brock Nelson.
11:50 of 1st period - Shot Misses the Net.
11:52 of 1st period - Snap shot by Jarret Stoll.
11:52 of 1st period - Deflect By Akim Aliu.
11:52 of 1st period - Stopped by Andrei Vasilevskiy without a rebound.
11:53 of 1st period - Cody McLeod wins face-off versus Christian Hanson in Patriotes zone.
11:58 of 1st period - Snap shot by Kevin Veilleux.
11:58 of 1st period - Shot Misses the Net.
12:09 of 1st period - Minor Penalty to Andrew Gordon for Hooking.
12:10 of 1st period - Phil McRae wins face-off versus Kevin Veilleux in Patriotes zone.
12:20 of 1st period - Wrist shot by Kevin Veilleux.
12:20 of 1st period - Deflect By Cody McLeod.
12:20 of 1st period - Goal by Cody McLeod - Patriotes : 1 - Rafales : 1.
12:21 of 1st period - Kevin Veilleux wins face-off versus Christian Hanson in neutral zone.
12:26 of 1st period - Snap shot by Cody McLeod.
12:26 of 1st period - Stopped by Andrei Vasilevskiy with a rebound.
12:36 of 1st period - Snap shot by Christian Hanson.
12:36 of 1st period - Shot Misses the Net.
12:46 of 1st period - Vince Hinostroza is hit by Nicklas Jensen.
13:10 of 1st period - Snap shot by Jarret Stoll.
13:10 of 1st period - Goal by Jarret Stoll - Patriotes : 1 - Rafales : 2.
13:11 of 1st period - Kevin Veilleux wins face-off versus Christian Hanson in neutral zone.
13:37 of 1st period - Mark Fayne is hit by Emerson Etem and loses puck.
13:58 of 1st period - Slapshot by Aaron Ness.
13:58 of 1st period - Shot Misses the Net.
14:06 of 1st period - Snap shot by Austin Watson.
14:06 of 1st period - Stopped by John Gibson without a rebound.
14:07 of 1st period - Christian Hanson wins face-off versus Kevin Veilleux in Rafales zone.
14:22 of 1st period - Snap shot by Christian Hanson.
14:22 of 1st period - Deflect By Cody McLeod.
14:22 of 1st period - Stopped by John Gibson without a rebound.
14:23 of 1st period - Nathan Davis wins face-off versus Zenon Konopka in Rafales zone.
14:23 of 1st period - Nathan Davis is hit by Anthony Bitetto.
15:20 of 1st period - Snap shot by Phil McRae.
15:20 of 1st period - Stopped by John Gibson with a rebound.
15:22 of 1st period - Wrist shot by Aaron Ness.
15:22 of 1st period - Shot Blocked by Matt Gilroy.
15:32 of 1st period - Wrist shot by Brock Nelson.
15:32 of 1st period - Shot Blocked by Robbie Russo.
15:44 of 1st period - Jarret Stoll is hit by Aaron Ness and loses puck.
15:45 of 1st period - Jarret Stoll from Rafales is injured at 15:45 of 1st period (Back).
15:46 of 1st period - Christian Hanson wins face-off versus Cody McLeod in Rafales zone.
15:47 of 1st period - Slapshot by Andrew Gordon.
15:47 of 1st period - Stopped by John Gibson without a rebound.
15:48 of 1st period - Kevin Veilleux wins face-off versus Christian Hanson in Rafales zone.
15:59 of 1st period - Wrist shot by Fedor Fedorov.
15:59 of 1st period - Stopped by John Gibson without a rebound.
16:00 of 1st period - Kevin Veilleux wins face-off versus Christian Hanson in Rafales zone.
16:32 of 1st period - Slapshot by Connor Murphy.
16:32 of 1st period - Shot Blocked by Anthony Bitetto.
16:34 of 1st period - Snap shot by Matt Gilroy.
16:34 of 1st period - Stopped by Andrei Vasilevskiy with a rebound.
17:19 of 1st period - Icing by Anthony Bitetto.
17:20 of 1st period - Christian Hanson wins face-off versus Kevin Veilleux in Patriotes zone.
17:25 of 1st period - Snap shot by Brian Ferlin.
17:25 of 1st period - Stopped by Andrei Vasilevskiy with a rebound.
17:27 of 1st period - Slapshot by Mark Fayne.
17:27 of 1st period - Stopped by Andrei Vasilevskiy with a rebound.
17:29 of 1st period - Slapshot by Mark Fayne.
17:29 of 1st period - Shot Misses the Net.
17:31 of 1st period - Slapshot by Brian Ferlin.
17:31 of 1st period - Stopped by Andrei Vasilevskiy with a rebound.
17:33 of 1st period - Snap shot by Brian Ferlin.
17:33 of 1st period - Shot Misses the Net.
17:35 of 1st period - Wrist shot by Cody McLeod.
17:35 of 1st period - Shot Misses the Net.
18:47 of 1st period - Off-side.
18:48 of 1st period - Vince Hinostroza wins face-off versus Kevin Veilleux in neutral zone.
19:09 of 1st period - Minor Penalty to Vince Hinostroza for Hooking.
19:10 of 1st period - Andrew Gordon wins face-off versus Kevin Veilleux in Patriotes zone.
19:23 of 1st period - Snap shot by Cody McLeod.
19:23 of 1st period - Goal by Cody McLeod - Patriotes : 1 - Rafales : 3.
19:24 of 1st period - Christian Hanson wins face-off versus Kevin Veilleux in neutral zone.
19:29 of 1st period - Snap shot by Andrew Gordon.
19:29 of 1st period - Shot Misses the Net.
19:35 of 1st period - Timothy Kunes is hit by Brian Ferlin and loses puck.
19:40 of 1st period - Snap shot by Cody McLeod.
19:40 of 1st period - Deflect By Kevin Veilleux.
19:40 of 1st period - Stopped by Andrei Vasilevskiy with a rebound.
19:54 of 1st period - Off-side.
19:55 of 1st period - Cody McLeod wins face-off versus Evgeny Kuznetsov in neutral zone.
Goals for this period are 1 for Patriotes vs 3 for Rafales.
Shots for this period are 13 for Patriotes vs 16 for Rafales.
2nd period
0:01 of 2nd period - Kevin Veilleux wins face-off versus Christian Hanson in neutral zone.
0:36 of 2nd period - Slapshot by Timothy Kunes.
0:36 of 2nd period - Shot Misses the Net.
0:55 of 2nd period - Slapshot by Chris Terry.
0:55 of 2nd period - Stopped by Andrei Vasilevskiy with a rebound.
0:57 of 2nd period - Slapshot by Matt Gilroy.
0:57 of 2nd period - Stopped by Andrei Vasilevskiy with a rebound.
1:12 of 2nd period - David Kolomatis is hit by Julian Melchiori and loses puck.
2:40 of 2nd period - Backhand shot by Timothy Kunes.
2:40 of 2nd period - Shot Misses the Net.
2:46 of 2nd period - Christian Hanson is hit by Kevin Veilleux and loses puck.
2:47 of 2nd period - Christian Hanson from Patriotes is injured at 2:47 of 2nd period (Left Hip).
2:48 of 2nd period - Evgeny Kuznetsov wins face-off versus Kevin Veilleux in Patriotes zone.
2:53 of 2nd period - Snap shot by Fedor Fedorov.
2:53 of 2nd period - Shot Misses the Net.
3:41 of 2nd period - Off-side.
3:42 of 2nd period - Nathan Davis wins face-off versus Phil McRae in neutral zone.
3:55 of 2nd period - Snap shot by Phil McRae.
3:55 of 2nd period - Stopped by John Gibson with a rebound.
5:33 of 2nd period - Slapshot by Justin Florek.
5:33 of 2nd period - Shot Misses the Net.
6:01 of 2nd period - Mark Fayne is hit by Timothy Kunes and loses puck.
6:08 of 2nd period - Wrist shot by Timothy Kunes.
6:08 of 2nd period - Stopped by John Gibson without a rebound.
6:09 of 2nd period - Evgeny Kuznetsov wins face-off versus Kevin Veilleux in Rafales zone.
6:12 of 2nd period - Slapshot by Fedor Fedorov.
6:12 of 2nd period - Shot Misses the Net.
6:14 of 2nd period - Slapshot by Alex Petrovic.
6:14 of 2nd period - Shot Misses the Net.
6:16 of 2nd period - Snap shot by Andrew Gordon.
6:16 of 2nd period - Shot Misses the Net.
6:20 of 2nd period - Snap shot by Fedor Fedorov.
6:20 of 2nd period - Deflect By Cody McLeod.
6:20 of 2nd period - Shot Blocked by Kevin Veilleux.
6:20 of 2nd period - Puck is out of play.
6:21 of 2nd period - Evgeny Kuznetsov wins face-off versus Kevin Veilleux in Rafales zone.
6:24 of 2nd period - Backhand shot by Andrew Gordon.
6:24 of 2nd period - Stopped by John Gibson without a rebound.
6:25 of 2nd period - Evgeny Kuznetsov wins face-off versus Kevin Veilleux in Rafales zone.
6:26 of 2nd period - Backhand shot by Andrew Gordon.
6:26 of 2nd period - Shot Misses the Net.
6:28 of 2nd period - Slapshot by Fedor Fedorov.
6:28 of 2nd period - Stopped by John Gibson with a rebound.
6:30 of 2nd period - Wrist shot by Fedor Fedorov.
6:30 of 2nd period - Deflect By Evgeny Kuznetsov.
6:30 of 2nd period - Stopped by John Gibson without a rebound.
6:31 of 2nd period - Evgeny Kuznetsov wins face-off versus Kevin Veilleux in Rafales zone.
6:36 of 2nd period - Wrist shot by Andrew Gordon.
6:36 of 2nd period - Stopped by John Gibson without a rebound.
6:37 of 2nd period - Evgeny Kuznetsov wins face-off versus Kevin Veilleux in Rafales zone.
6:48 of 2nd period - Kevin Veilleux is hit by Fedor Fedorov and loses puck.
7:03 of 2nd period - Connor Murphy is hit by Zenon Konopka and loses puck.
7:14 of 2nd period - Snap shot by Lauri Tukonen.
7:14 of 2nd period - Shot Blocked by Matt Gilroy.
7:26 of 2nd period - Snap shot by Chris Terry.
7:26 of 2nd period - Stopped by Andrei Vasilevskiy with a rebound.
7:49 of 2nd period - Wrist shot by James Marcou.
7:49 of 2nd period - Stopped by Andrei Vasilevskiy with a rebound.
8:05 of 2nd period - Marc-André Gragnani is hit by Aaron Ness and loses puck.
10:12 of 2nd period - Wrist shot by Zenon Konopka.
10:12 of 2nd period - Goal by Zenon Konopka - Patriotes : 2 - Rafales : 3.
10:13 of 2nd period - Evgeny Kuznetsov wins face-off versus Kevin Veilleux in neutral zone.
10:47 of 2nd period - Icing by Fedor Fedorov.
10:48 of 2nd period - Brian Ferlin wins face-off versus Phil McRae in Patriotes zone.
10:51 of 2nd period - Slapshot by Marc-André Gragnani.
10:51 of 2nd period - Shot Blocked by Anthony Bitetto.
10:53 of 2nd period - Snap shot by Kevin Veilleux.
10:53 of 2nd period - Deflect By Cody McLeod.
10:53 of 2nd period - Stopped by Andrei Vasilevskiy with a rebound.
10:55 of 2nd period - Slapshot by Brian Ferlin.
10:55 of 2nd period - Stopped by Andrei Vasilevskiy with a rebound.
10:57 of 2nd period - Snap shot by Julian Melchiori.
10:57 of 2nd period - Deflect By Kevin Veilleux.
10:57 of 2nd period - Stopped by Andrei Vasilevskiy with a rebound.
10:59 of 2nd period - Snap shot by Brian Ferlin.
10:59 of 2nd period - Stopped by Andrei Vasilevskiy without a rebound.
11:00 of 2nd period - Evgeny Kuznetsov wins face-off versus Kevin Veilleux in Patriotes zone.
11:02 of 2nd period - Minor Penalty to Alex Petrovic for High sticking.
11:03 of 2nd period - Andrew Gordon wins face-off versus Kevin Veilleux in Patriotes zone.
11:15 of 2nd period - Snap shot by Connor Murphy.
11:15 of 2nd period - Stopped by Andrei Vasilevskiy with a rebound.
13:02 of 2nd period - Penalty to Alex Petrovic is over, Alex Petrovic is back on ice.
13:03 of 2nd period - David Kolomatis is hit by Matt Gilroy and loses puck.
13:30 of 2nd period - Snap shot by Justin Florek.
13:30 of 2nd period - Goal by Justin Florek - Patriotes : 3 - Rafales : 3.
13:31 of 2nd period - Kevin Veilleux wins face-off versus Evgeny Kuznetsov in neutral zone.
13:36 of 2nd period - Snap shot by Cody McLeod.
13:36 of 2nd period - Stopped by Andrei Vasilevskiy without a rebound.
13:37 of 2nd period - Kevin Veilleux wins face-off versus Emerson Etem in Patriotes zone.
13:50 of 2nd period - Snap shot by Kevin Veilleux.
13:50 of 2nd period - Shot Misses the Net.
13:52 of 2nd period - Snap shot by Cody McLeod.
13:52 of 2nd period - Stopped by Andrei Vasilevskiy with a rebound.
14:10 of 2nd period - Snap shot by Brock Nelson.
14:10 of 2nd period - Stopped by Andrei Vasilevskiy with a rebound.
14:12 of 2nd period - Slapshot by Marc-André Gragnani.
14:12 of 2nd period - Deflect By Akim Aliu.
14:12 of 2nd period - Shot Misses the Net.
14:12 of 2nd period - Puck is out of play.
14:13 of 2nd period - Fedor Fedorov wins face-off versus Kevin Veilleux in Patriotes zone.
14:45 of 2nd period - Off-side.
14:46 of 2nd period - Nicklas Jensen wins face-off versus Zenon Konopka in neutral zone.
15:23 of 2nd period - Snap shot by Brian Ferlin.
15:23 of 2nd period - Shot Misses the Net.
15:30 of 2nd period - Icing by David Kolomatis.
15:31 of 2nd period - Evgeny Kuznetsov wins face-off versus Cedric Paquette in Patriotes zone.
15:53 of 2nd period - Icing by David Kolomatis.
15:54 of 2nd period - Cody McLeod wins face-off versus Emerson Etem in Patriotes zone.
15:59 of 2nd period - Snap shot by Kevin Veilleux.
15:59 of 2nd period - Deflect By Brian Ferlin.
15:59 of 2nd period - Stopped by Andrei Vasilevskiy with a rebound.
16:21 of 2nd period - David Kolomatis is hit by Nathan Davis and loses puck.
16:42 of 2nd period - Snap shot by James Marcou.
16:42 of 2nd period - Stopped by Andrei Vasilevskiy without a rebound.
16:43 of 2nd period - Michael Bournival wins face-off versus Zenon Konopka in Patriotes zone.
17:08 of 2nd period - Brian Ferlin is hit by Evgeny Kuznetsov and loses puck.
17:15 of 2nd period - Wrist shot by Evgeny Kuznetsov.
17:15 of 2nd period - Deflect By Kevin Veilleux.
17:15 of 2nd period - Shot Misses the Net.
17:15 of 2nd period - Puck is out of play.
17:16 of 2nd period - Kevin Veilleux wins face-off versus Evgeny Kuznetsov in Rafales zone.
17:16 of 2nd period - Kevin Veilleux is hit by Evgeny Kuznetsov.
17:28 of 2nd period - Snap shot by Cody McLeod.
17:28 of 2nd period - Shot Misses the Net.
17:42 of 2nd period - Justin Florek is hit by Matt Gilroy and loses puck.
18:09 of 2nd period - Austin Watson is hit by Nathan Davis and loses puck.
18:32 of 2nd period - Wrist shot by Brian Ferlin.
18:32 of 2nd period - Shot Misses the Net.
19:02 of 2nd period - Justin Florek is hit by Akim Aliu and loses puck.
19:47 of 2nd period - Snap shot by Lauri Tukonen.
19:47 of 2nd period - Shot Misses the Net.
19:49 of 2nd period - Slapshot by David Kolomatis.
19:49 of 2nd period - Stopped by John Gibson with a rebound.
19:51 of 2nd period - Slapshot by David Kolomatis.
19:51 of 2nd period - Shot Misses the Net.
19:53 of 2nd period - Backhand shot by David Kolomatis.
19:53 of 2nd period - Stopped by John Gibson with a rebound.
Goals for this period are 2 for Patriotes vs 0 for Rafales.
Shots for this period are 10 for Patriotes vs 14 for Rafales.
3rd period
0:01 of 3rd period - Kevin Veilleux wins face-off versus Evgeny Kuznetsov in neutral zone.
0:53 of 3rd period - Nathan Davis is hit by Zenon Konopka and loses puck.
1:08 of 3rd period - Slapshot by Cody McLeod.
1:08 of 3rd period - Stopped by Andrei Vasilevskiy with a rebound.
1:28 of 3rd period - Slapshot by Marc-André Gragnani.
1:28 of 3rd period - Stopped by Andrei Vasilevskiy without a rebound.
1:29 of 3rd period - Evgeny Kuznetsov wins face-off versus Cedric Paquette in Patriotes zone.
2:29 of 3rd period - Vince Hinostroza is hit by Slater Koekkoek and loses puck.
2:44 of 3rd period - Alex Petrovic is hit by Cody McLeod and loses puck.
3:01 of 3rd period - Slapshot by Zenon Konopka.
3:01 of 3rd period - Shot Misses the Net.
3:03 of 3rd period - Wrist shot by Alex Petrovic.
3:03 of 3rd period - Shot Blocked by Julian Melchiori.
3:05 of 3rd period - Snap shot by Zenon Konopka.
3:05 of 3rd period - Shot Misses the Net.
3:07 of 3rd period - Slapshot by David Kolomatis.
3:07 of 3rd period - Goal by David Kolomatis - Patriotes : 4 - Rafales : 3.
3:08 of 3rd period - Kevin Veilleux wins face-off versus Evgeny Kuznetsov in neutral zone.
3:15 of 3rd period - Snap shot by Andrew Gordon.
3:15 of 3rd period - Deflect By Cody McLeod.
3:15 of 3rd period - Stopped by John Gibson without a rebound.
3:16 of 3rd period - Kevin Veilleux wins face-off versus Evgeny Kuznetsov in Rafales zone.
3:16 of 3rd period - Kevin Veilleux is hit by Anthony Bitetto.
3:24 of 3rd period - Backhand shot by Matt Gilroy.
3:24 of 3rd period - Deflect By Timothy Kunes.
3:24 of 3rd period - Stopped by Andrei Vasilevskiy with a rebound.
4:21 of 3rd period - Off-side.
4:22 of 3rd period - Cedric Paquette wins face-off versus Zenon Konopka in neutral zone.
4:27 of 3rd period - Snap shot by Brock Nelson.
4:27 of 3rd period - Stopped by Andrei Vasilevskiy with a rebound.
4:57 of 3rd period - Slapshot by Phil McRae.
4:57 of 3rd period - Goal by Phil McRae - Patriotes : 5 - Rafales : 3.
4:58 of 3rd period - Nathan Davis wins face-off versus Zenon Konopka in neutral zone.
5:38 of 3rd period - Connor Murphy is hit by Vince Hinostroza and loses puck.
5:59 of 3rd period - Snap shot by Brock Nelson.
5:59 of 3rd period - Stopped by Andrei Vasilevskiy with a rebound.
6:01 of 3rd period - Slapshot by Cedric Paquette.
6:01 of 3rd period - Stopped by Andrei Vasilevskiy with a rebound.
7:12 of 3rd period - Slapshot by Brock Nelson.
7:12 of 3rd period - Stopped by Andrei Vasilevskiy without a rebound.
7:13 of 3rd period - Kevin Veilleux wins face-off versus Zenon Konopka in Patriotes zone.
7:19 of 3rd period - Minor Penalty to Aaron Ness for Hooking.
7:20 of 3rd period - Kevin Veilleux wins face-off versus Andrew Gordon in Patriotes zone.
7:43 of 3rd period - Fedor Fedorov is hit by Kevin Veilleux and loses puck.
8:06 of 3rd period - Wrist shot by Nathan Davis.
8:06 of 3rd period - Goal by Nathan Davis - Patriotes : 5 - Rafales : 4.
8:07 of 3rd period - Cody McLeod wins face-off versus Evgeny Kuznetsov in neutral zone.
8:12 of 3rd period - Wrist shot by Brock Nelson.
8:12 of 3rd period - Deflect By Akim Aliu.
8:12 of 3rd period - Stopped by Andrei Vasilevskiy without a rebound.
8:13 of 3rd period - Cody McLeod wins face-off versus Evgeny Kuznetsov in Patriotes zone.
8:46 of 3rd period - Slapshot by Nathan Davis.
8:46 of 3rd period - Deflect By Chris Terry.
8:46 of 3rd period - Shot Misses the Net.
8:46 of 3rd period - Puck is out of play.
8:47 of 3rd period - Cody McLeod wins face-off versus Evgeny Kuznetsov in Patriotes zone.
9:02 of 3rd period - Snap shot by Aaron Ness.
9:02 of 3rd period - Shot Blocked by Matt Gilroy.
9:12 of 3rd period - Brock Nelson is hit by Zenon Konopka.
9:16 of 3rd period - Slapshot by Matt Gilroy.
9:16 of 3rd period - Deflect By Brock Nelson.
9:16 of 3rd period - Stopped by Andrei Vasilevskiy without a rebound.
9:17 of 3rd period - Zenon Konopka wins face-off versus Nathan Davis in Patriotes zone.
9:47 of 3rd period - Cedric Paquette is hit by Evgeny Kuznetsov and loses puck.
10:55 of 3rd period - Mark Fayne is hit by Vince Hinostroza and loses puck.
11:00 of 3rd period - Slapshot by Vince Hinostroza.
11:00 of 3rd period - Stopped by John Gibson with a rebound.
11:02 of 3rd period - Snap shot by Vince Hinostroza.
11:02 of 3rd period - Deflect By Evgeny Kuznetsov.
11:02 of 3rd period - Stopped by John Gibson without a rebound.
11:03 of 3rd period - Evgeny Kuznetsov wins face-off versus Nicklas Jensen in Rafales zone.
11:10 of 3rd period - Wrist shot by Connor Murphy.
11:10 of 3rd period - Shot Blocked by Timothy Kunes.
11:12 of 3rd period - Slapshot by Matt Gilroy.
11:12 of 3rd period - Stopped by Andrei Vasilevskiy with a rebound.
11:14 of 3rd period - Wrist shot by Chris Terry.
11:14 of 3rd period - Shot Misses the Net.
11:16 of 3rd period - Slapshot by Nicklas Jensen.
11:16 of 3rd period - Stopped by Andrei Vasilevskiy with a rebound.
11:18 of 3rd period - Snap shot by Nathan Davis.
11:18 of 3rd period - Stopped by Andrei Vasilevskiy with a rebound.
11:41 of 3rd period - Wrist shot by Andrew Gordon.
11:41 of 3rd period - Stopped by John Gibson with a rebound.
11:59 of 3rd period - Snap shot by Matt Gilroy.
11:59 of 3rd period - Stopped by Andrei Vasilevskiy with a rebound.
12:01 of 3rd period - Slapshot by Matt Gilroy.
12:01 of 3rd period - Stopped by Andrei Vasilevskiy with a rebound.
12:03 of 3rd period - Wrist shot by Michael Bournival.
12:03 of 3rd period - Shot Misses the Net.
12:05 of 3rd period - Slapshot by Connor Murphy.
12:05 of 3rd period - Shot Blocked by Alex Petrovic.
12:21 of 3rd period - Wrist shot by Fedor Fedorov.
12:21 of 3rd period - Stopped by John Gibson without a rebound.
12:22 of 3rd period - Zenon Konopka wins face-off versus Kevin Veilleux in Rafales zone.
13:22 of 3rd period - Slapshot by Vince Hinostroza.
13:22 of 3rd period - Stopped by John Gibson without a rebound.
13:23 of 3rd period - Kevin Veilleux wins face-off versus Phil McRae in Rafales zone.
13:32 of 3rd period - Wrist shot by Kevin Veilleux.
13:32 of 3rd period - Stopped by Andrei Vasilevskiy with a rebound.
13:57 of 3rd period - Snap shot by Lauri Tukonen.
13:57 of 3rd period - Shot Blocked by Slater Koekkoek.
14:33 of 3rd period - Wrist shot by Nathan Davis.
14:33 of 3rd period - Goal by Nathan Davis - Patriotes : 5 - Rafales : 5.
14:34 of 3rd period - Evgeny Kuznetsov wins face-off versus Kevin Veilleux in neutral zone.
14:47 of 3rd period - Snap shot by Cody McLeod.
14:47 of 3rd period - Stopped by Andrei Vasilevskiy with a rebound.
14:49 of 3rd period - Slapshot by Brian Ferlin.
14:49 of 3rd period - Shot Blocked by Timothy Kunes.
14:59 of 3rd period - Connor Murphy is hit by Phil McRae and loses puck.
15:08 of 3rd period - David Kolomatis is hit by Cedric Paquette and loses puck.
15:21 of 3rd period - Snap shot by David Kolomatis.
15:21 of 3rd period - Stopped by John Gibson without a rebound.
15:22 of 3rd period - Zenon Konopka wins face-off versus Nicklas Jensen in Rafales zone.
15:32 of 3rd period - Off-side.
15:33 of 3rd period - Brian Ferlin wins face-off versus Evgeny Kuznetsov in neutral zone.
16:05 of 3rd period - Snap shot by Riley Barber.
16:05 of 3rd period - Deflect By Phil McRae.
16:05 of 3rd period - Goal by Phil McRae - Patriotes : 6 - Rafales : 5.
16:06 of 3rd period - Kevin Veilleux wins face-off versus Evgeny Kuznetsov in neutral zone.
16:27 of 3rd period - Minor Penalty to Connor Murphy for Roughing.
16:28 of 3rd period - Kevin Veilleux wins face-off versus Evgeny Kuznetsov in Rafales zone.
16:28 of 3rd period - Kevin Veilleux is hit by Fedor Fedorov.
16:45 of 3rd period - Minor Penalty to Anthony Bitetto for Goalie Interference.
16:46 of 3rd period - Kevin Veilleux wins face-off versus Andrew Gordon in Patriotes zone.
17:02 of 3rd period - Wrist shot by Matt Gilroy.
17:02 of 3rd period - Stopped by Andrei Vasilevskiy with a rebound.
18:27 of 3rd period - Penalty to Connor Murphy is over, Connor Murphy is back on ice.
18:37 of 3rd period - Wrist shot by Michael Bournival.
18:37 of 3rd period - Shot Blocked by Evgeny Kuznetsov.
18:45 of 3rd period - Penalty to Anthony Bitetto is over, Anthony Bitetto is back on ice.
18:45 of 3rd period - Rafales, John Gibson is pulled from the net.
18:47 of 3rd period - Snap shot by Michael Bournival.
18:47 of 3rd period - Deflect By Connor Murphy.
18:47 of 3rd period - Shot Misses the Net.
18:47 of 3rd period - Puck is out of play.
18:48 of 3rd period - Paul MacLean call a timeout for Rafales.
18:48 of 3rd period - Evgeny Kuznetsov wins face-off versus Kevin Veilleux in Patriotes zone.
19:15 of 3rd period - Snap shot by Cody McLeod.
19:15 of 3rd period - Shot Misses the Net.
19:17 of 3rd period - Slapshot by Kevin Veilleux.
19:17 of 3rd period - Shot Blocked by Timothy Kunes.
19:33 of 3rd period - Wrist shot by Kevin Veilleux.
19:33 of 3rd period - Stopped by Andrei Vasilevskiy with a rebound.
19:38 of 3rd period - Minor Penalty to Timothy Kunes for Hooking.
19:39 of 3rd period - Cedric Paquette wins face-off versus Andrew Gordon in Patriotes zone.
Goals for this period are 3 for Patriotes vs 2 for Rafales.
Shots for this period are 10 for Patriotes vs 20 for Rafales.
Back to the Top